 Dungeon Crawl Stone Soup version 0.28.0 (webtiles) character file.

Game seed: 9008093225214967751

13527 BubbleThief the Warrior (level 12, -2/154 HPs)
             Began as an Ogre Berserker on Feb 13, 2022.
             Was an Elder of Trog.
             Slain by a large slime creature (11 damage)
             ... on level 13 of the Dungeon.
             The game lasted 00:16:36 (12886 turns).

BubbleThief the Warrior (Ogre Berserker)           Turns: 12886, Time: 00:16:36

Health: -2/154     AC:  7    Str: 24    XL:     12   Next: 7%
Magic:  12/12      EV: 15    Int:  8    God:    Trog [****..]
Gold:   335        SH:  0    Dex: 18    Spells: 11/11 levels left

rFire   . . .      SeeInvis .   v - +3 flail (vorpal)
rCold   . . .      Faith    +   (no shield)
rNeg    . . .      Spirit   .   O - +0 steam dragon scales
rPois   .          Reflect  .   (helmet restricted)
rElec   .          Harm     .   n - +0 cloak
rCorr   .          Rampage  .   (gloves unavailable)
Will    +....                   (boots unavailable)
Stlth   ++........              W - amulet of faith
HPRegen 0.35/turn               h - +4 ring of evasion
MPRegen 0.13/turn               u - +6 ring of dexterity

@: invisible
A: large, unfitting armour, tough skin 1
a: Renounce Religion, Berserk, Trog's Hand, Brothers in Arms


You were on level 13 of the Dungeon.
You worshipped Trog.
Trog was greatly pleased with you.
You visited 1 branch of the dungeon, and saw 13 of its levels.
You also visited: Sewer.

You collected 450 gold pieces.
You spent 115 gold pieces at shops.

Inventory:

Hand Weapons
 v - a +3 vorpal flail (weapon)
 y - a +0 giant spiked club
Missiles
 a - 3 silver javelins
 d - 3 large rocks (quivered)
 B - 2 atropa-tipped darts
 J - a throwing net
Armour
 n - a +0 cloak (worn)
 M - a +2 robe of fire resistance
 O - +0 steam dragon scales (worn)
Jewellery
 c - a ring of willpower
 h - a +4 ring of evasion (left hand)
 u - a +6 ring of dexterity (right hand)
 x - a ring of flight
 D - a ring of protection from cold
 I - an amulet of reflection
 K - a ring of poison resistance
 W - an amulet of faith (around neck)
Wands
 g - a wand of flame (7)
 j - a wand of polymorph (7)
 A - a wand of digging (2)
 L - a wand of mindburst (24)
 U - a wand of acid (3)
Scrolls
 b - a scroll of enchant weapon
 e - 3 scrolls of teleportation
 f - 3 scrolls of identify
 l - a scroll of acquirement {unknown}
 s - 2 scrolls of immolation {unknown}
 t - 2 scrolls of fog {unknown}
 z - 2 scrolls of vulnerability {unknown}
 E - 2 scrolls of enchant armour {unknown}
 F - 2 scrolls of noise {unknown}
 H - 3 scrolls of holy word {unknown}
 R - a scroll of amnesia {unknown}
 T - a scroll of fear {unknown}
 V - a scroll of magic mapping
Potions
 i - 3 potions of haste
 k - a potion of lignification
 m - 3 potions of curing
 o - 2 potions of experience
 p - a potion of might {unknown}
 q - a potion of heal wounds
 r - a potion of cancellation {unknown}
 w - 2 potions of invisibility
 C - 2 potions of degeneration {unknown}
 G - 3 potions of resistance {unknown}
 N - 2 potions of berserk rage {unknown}
 P - a potion of flight {unknown}
 Q - 2 potions of mutation {unknown}
 S - a potion of brilliance {unknown}


   Skills:
 + Level 19.0 Fighting
 + Level 11.5 Maces & Flails
 - Level 2.6 Dodging


You had 11 spell levels left.
You didn't know any spells.
Your spell library was empty.

Dungeon Overview and Level Annotations

Branches:
Dungeon (14/15)            Temple (0/1) D:4            Lair (0/6) D:10
    Orc (0/2) D:11          Sewer (visited)
 Vaults: D:13-14

Altars:
Cheibriados
Dithmenos
Gozag
Okawaru
Qazlal
Sif Muna
Trog
Vehumet
Xom
Yredelemnul
The Shining One

Shops:
D:7 [   D:10 =   D:14 *


Innate Abilities, Weirdness & Mutations

You are too large for most types of armour.
You have tough skin. (AC +1)


Message History

The slime creature hits you! x2
You sock the very large slime creature!
The very large slime creature is moderately wounded.
The slime creature barely misses you.
Unknown command.
You sock the very large slime creature!
The very large slime creature is moderately wounded.
The slime creature hits you.
The very large slime creature hits you!!!
* * * LOW HITPOINT WARNING * * *
The slime creature hits you!
* * * LOW HITPOINT WARNING * * *
You hear an angry buzzing noise. x2
Unknown command.
Okay, then.
Okay, then.
You fade into invisibility!
The wolf spider misses you. The wolf spider bites you.
* * * LOW HITPOINT WARNING * * *
You are poisoned.
The wolf spider poisons you! The slime creature misses you.
The wolf spider misses you. The wolf spider closely misses you.
The slime creature closely misses you.
A very large slime creature splits.
You feel better. The wolf spider hits you!!
* * * LOW HITPOINT WARNING * * *
The wolf spider bites you but does no damage.
The slime creature hits you but does no damage.
The large slime creature barely misses you.
The slime creature barely misses you.
Unknown command.
Unknown command.
Okay, then.
You feel much better. The wolf spider hits you!!
* * * LOW HITPOINT WARNING * * *
The wolf spider barely misses you.
A vampire mosquito comes into view.
The slime creature barely misses you. The wolf spider completely misses you.
The wolf spider barely misses you. The slime creature closely misses you.
The large slime creature hits you!
You die...

.#.^......... .......
##..[.........#
.......##.......##.....#
............##.###......
#(..............##..<..
.##...J...J......#..##..
..............>.........
y.....JJ##..............
......s@##..............
.....##.J.......##.#####
... ###...........## .
#..###........#
#..####......##
#....#.....###
###.......## ##......##
####....#


You could see a large slime creature, 3 slime creatures, a wolf spider and a
vampire mosquito (wandering).

Vanquished Creatures
  2 two-headed ogres
  Pikel (D:8)
  4 centaur zombies (D:10)
  A troll (D:9)
  Prince Ribbit (D:7)
  A meliai zombie (D:9)
  A ynoxinul (D:9)
  Sigmund (D:2)
  A wyvern (D:8)
  A wraith (D:6)
  A shadow (D:9)
  A fire elemental (D:14)
  8 yaks
  A steam dragon (D:9)
  2 vampire mosquitoes (D:10)
  Menkaure (D:5)
  4 water moccasins
  Duvessa (D:5)
  An acid dragon (D:10)
  2 hell hounds (D:14)
  A hornet zombie (D:6)
  3 orc warriors
  3 black bears (D:10)
  An ice beast (D:7)
  A sky beast (D:8)
  3 ogres
  4 centaurs
  3 kobold brigands
  6 bullfrogs
  3 gnoll sergeants
  3 scorpions
  A wyvern zombie (D:7)
  A wyvern skeleton (D:6)
  Dowan (D:5)
  2 water moccasin skeletons
  9 killer bees (D:9)
  2 electric eels (D:9)
  A bullfrog zombie (D:6)
  2 bullfrog skeletons
  A hound (D:6)
  3 jellies
  Crazy Yiuf (D:2)
  A centaur skeleton (D:5)
  3 orc priests
  2 gnoll shamans
  2 iguanas
  5 orc wizards
  2 hound skeletons (D:4)
  A howler monkey zombie (D:8)
  16 gnolls
  10 adders
  An ufetubus (D:5)
  2 worms (D:2)
  30 orcs
  12 ball pythons
  3 endoplasms
  6 giant cockroaches
  6 goblins
  5 hobgoblins
  A quokka (D:3)
  12 bats
  4 frilled lizards
  19 kobolds
  8 rats
242 creatures vanquished.

Vanquished Creatures (collateral kills)
  Azrael (D:14)
  Erica (D:8)
  A centaur warrior (D:14)
  3 fire elementals (D:14)
  2 hell hounds (D:14)
  A centaur (D:14)
9 creatures vanquished.

Vanquished Creatures (others)
  53 fungi (D:10)
  65 plants
118 creatures vanquished.

Grand Total: 369 creatures vanquished

Notes
Turn   | Place    | Note
-------+----------+-------------------------------------------
     0 | D:1      | BubbleThief the Ogre Berserker began the quest for the Orb.
     0 | D:1      | Reached XP level 1. HP: 24/24 MP: 1/1
    99 | D:1      | Reached XP level 2. HP: 33/33 MP: 2/2
   647 | D:1      | Reached ** piety under Trog
   648 | D:1      | Reached skill level 5 in Fighting
   854 | D:2      | Noticed Sigmund
   887 | D:2      | Reached XP level 3. HP: 34/42 MP: 3/3
  1111 | D:2      | Killed Sigmund
  1112 | D:2      | Reached skill level 7 in Fighting
  1112 | D:2      | Reached XP level 4. HP: 55/55 MP: 4/4
  1112 | D:2      | Reached XP level 5. HP: 62/62 MP: 5/5
  1471 | D:2      | Reached XP level 6. HP: 71/71 MP: 6/6
  1570 | D:2      | Found a runed translucent door.
  1571 | D:2      | Noticed Crazy Yiuf
  1928 | D:2      | Killed Crazy Yiuf
  2172 | D:3      | Found a glowing drain.
  2229 | Sewer    | Entered a sewer
  2638 | Sewer    | Reached skill level 8 in Fighting
  2991 | Sewer    | Reached *** piety under Trog
  2992 | Sewer    | Reached XP level 7. HP: 47/81 MP: 7/7
  3340 | D:3      | Found a faded altar of an unknown god.
  3871 | D:4      | Reached skill level 9 in Fighting
  3872 | D:4      | Found a staircase to the Ecumenical Temple.
  4386 | D:4      | Reached skill level 5 in Maces & Flails
  4674 | D:4      | Identified the +0 robe of Restlessness {Will+ Slay+2
                  | Archmagi}
  4706 | D:5      | Entered Level 5 of the Dungeon
  4736 | D:5      | Noticed Menkaure
  4742 | D:5      | Killed Menkaure
  4743 | D:5      | Reached skill level 10 in Fighting
  4778 | D:5      | Reached XP level 8. HP: 87/93 MP: 8/8
  4902 | D:5      | Found a radiant altar of Vehumet.
  5141 | D:5      | Reached skill level 11 in Fighting
  5337 | D:5      | Noticed Duvessa
  5345 | D:5      | Noticed Dowan
  5347 | D:5      | Killed Duvessa
  5352 | D:5      | Killed Dowan
  5733 | D:6      | Reached skill level 12 in Fighting
  6086 | D:6      | Reached **** piety under Trog
  6088 | D:6      | Noticed a wraith
  6090 | D:6      | Reached XP level 9. HP: 64/107 MP: 9/9
  6340 | D:6      | Reached skill level 13 in Fighting
  7094 | D:7      | Found Oluaq's Armour Emporium.
  7254 | D:7      | Noticed a two-headed ogre
  7260 | D:7      | Killed a two-headed ogre
  7261 | D:7      | Reached skill level 14 in Fighting
  7553 | D:7      | Noticed Prince Ribbit
  7566 | D:7      | Killed Prince Ribbit
  7877 | D:8      | Reached XP level 10. HP: 117/123 MP: 10/10
  7934 | D:8      | Noticed Pikel
  7945 | D:8      | Reached skill level 15 in Fighting
  7956 | D:8      | Killed Pikel
  8282 | D:8      | Noticed a two-headed ogre
  8292 | D:8      | Killed a two-headed ogre
  8293 | D:8      | Reached skill level 16 in Fighting
  8813 | D:8      | Noticed Erica
  8826 | D:8      | HP: 6/127 [something (15)]
  8827 | D:8      | Killed Erica
  9704 | D:9      | Found a bloodstained altar of Trog.
  9733 | D:9      | Reached skill level 17 in Fighting
  9749 | D:9      | Reached XP level 11. HP: 96/139 MP: 11/11
 10374 | D:9      | Found a shimmering blue altar of Sif Muna.
 10646 | D:10     | Entered Level 10 of the Dungeon
 10662 | D:10     | Found a stormy altar of Qazlal.
 10672 | D:10     | Found an iron altar of Okawaru.
 10672 | D:10     | Found a glowing golden altar of the Shining One.
 10674 | D:10     | Found a shadowy altar of Dithmenos.
 10675 | D:10     | Found a shimmering altar of Xom.
 10675 | D:10     | Found a basalt altar of Yredelemnul.
 10676 | D:10     | Found a snail-covered altar of Cheibriados.
 10791 | D:10     | Reached skill level 10 in Maces & Flails
 11586 | D:10     | Reached skill level 18 in Fighting
 11637 | D:10     | Found a staircase to the Lair.
 12004 | D:10     | Found Kynwemm's Jewellery Shoppe.
 12390 | D:11     | Found a staircase to the Orcish Mines.
 12402 | D:11     | You fall into a shaft and drop 3 floors!
 12424 | D:14     | Found Lahumu Qequ's Assorted Antiques.
 12431 | D:14     | Noticed Azrael
 12436 | D:14     | Killed Azrael
 12447 | D:14     | Noticed a centaur warrior
 12451 | D:14     | Killed a centaur warrior
 12452 | D:14     | Reached skill level 19 in Fighting
 12452 | D:14     | Reached XP level 12. HP: 49/154 MP: 12/12
 12796 | D:14     | Bought a dented cabochon amulet for 115 gold pieces
 12827 | D:13     | Found an opulent altar of Gozag.
 12886 | D:13     | Slain by a large slime creature

Illustrated notes

Levels and vault maps discovered:
D:1:      dpeg_arrival_chambers_temple_mockup, layout_loops_ring,
          hangedman_decor_riveting, minivault_14
D:2:      layout_basic, uniq_sigmund, uniq_crazy_yiuf_cottage
D:3:      layout_basic, basic_ecumenical_altar, portal_sewer_entry_d,
          chequers_serial_rivers_large_a, serial_bayou_lagoon_a,
          bh_walls_and_bars
D:4:      layout_cave_pools, minmay_temple_entry_offerings
D:5:      layout_loops_ring, mainiacjoe_overflow_catwalk,
          minmay_misc_feat_square, uniq_menkaure, uniq_duvessa
D:6:      layout_basic, grunt_decor_one_mirror
D:7:      layout_rooms, serial_shops, kennysheep_mini, uniq_prince_ribbit1
D:8:      layout_rooms, uniq_pikel, uniq_erica
D:9:      layout_big_octagon, nzn_overflow_gifts_of_might_and_magic
D:10:     layout_loops_ring, grunt_temple_overflow_open,
          due_lair_maze_entry_diamond, serial_shops,
          nicolae_shop_window_shopping, kennysheep_generic_room_15
D:11:     layout_gridville, david_orc_1_choice, nzn_hepliaklqana_mist_gate
D:13:     minmay_smoke_and_mirrors, layout_cave_pools, minivault_16,
          grunt_ministairs_10, grunt_gozag_breadcrumbs
D:14:     layout_irregular_city, david_vaults_1, serial_park_square1
          [serial_park_minivault_5x5_4], gammafunk_ghost_abyssal_escape,
          serial_shops, nicolae_stop_n_shop_1, uniq_azrael, uniq_roxanne,
          uniq_josephine, uniq_frances

Skill      XL: |  1  2  3  4  5  6  7  8  9 10 11 |
---------------+----------------------------------+-----
Maces & Flails | 3 4 5 6 7 9 11 | 11.5
Fighting       | 5 7 8 10 12 14 17 19 | 19.0
Dodging        | |  2.6

Action                   |  1- 3 |  4- 6 |  7- 9 | 10-12 || total
-------------------------+-------+-------+-------+-------++-------
Melee: Mace              |    81 |   176 |    85 |       ||   342
       Punch             |     1 |     3 |     3 |     3 ||    10
       Flail             |       |       |   166 |   364 ||   530
Invok: Berserk           |     1 |     1 |     3 |     7 ||    12
       Trog's Hand       |     1 |       |     1 |     1 ||     3
       Brothers in Arms  |       |       |       |     1 ||     1
  Use: Scroll            |       |     1 |     7 |     1 ||     9
       Potion            |       |       |       |     3 ||     3
 Stab: Sleeping          |       |     1 |     1 |       ||     2
Armor: Animal skin       |    40 |    79 |    23 |       ||   142
       Robe              |       |       |    16 |    21 ||    37
       Steam dragon scal |       |       |       |    66 ||    66
Dodge: Dodged            |    52 |   194 |   166 |   326 ||   738
Block: Other             |       |       |       |    78 ||    78
       Reflection        |       |       |       |     3 ||     3
